 Dungeon Crawl Stone Soup version 0.28.0-43-g3370ac3207 (webtiles) character file.

Game seed: 5255760143100216521

354 nickcage the Carver (level 6, -2/51 HPs)
             Began as a Minotaur Fighter on Mar 7, 2022.
             Slain by an orc
             ... wielding a +0 dagger
              (3 damage)
             ... on level 5 of the Dungeon.
             The game lasted 00:08:07 (3900 turns).

nickcage the Carver (Minotaur Fighter)              Turns: 3900, Time: 00:08:07

Health: -2/51      AC: 16    Str: 22    XL:     6   Next: 35%
Magic:  5/5        EV:  6    Int:  5    God:
Gold:   100        SH:  4    Dex: 10    Spells: 5/5 levels left

rFire   . . .      SeeInvis .   a - +0 long sword
rCold   . . .      Faith    .   c - +0 buckler
rNeg    . . .      Spirit   .   g - +0 plate armour
rPois   .          Reflect  .   j - +1 hat
rElec   .          Harm     .   q - +0 cloak
rCorr   .          Rampage  .   r - +0 pair of gloves
Will    .....                   y - +0 pair of boots
Stlth   ..........              (no amulet)
HPRegen 0.17/turn               (no ring)
MPRegen 0.09/turn               (no ring)

@: no status effects
A: horns 2, retaliatory headbutt
a: no special abilities


You were on level 5 of the Dungeon.
You visited 1 branch of the dungeon, and saw 5 of its levels.

You collected 198 gold pieces.
You spent 98 gold pieces at shops.

Inventory:

Hand Weapons
 a - a +0 long sword (weapon)
Missiles
 u - 2 poisoned darts (quivered)
Armour
 b - a +0 scale mail
 c - a +0 buckler (worn)
 g - a +0 plate armour (worn)
 j - a +1 hat (worn)
 q - a +0 cloak (worn)
 r - a +0 pair of gloves (worn)
 y - a +0 pair of boots (worn)
Jewellery
 h - an amulet of faith
 n - a ring of resist corrosion
Wands
 x - a wand of polymorph (12)
Scrolls
 i - a scroll of fear {unknown}
 k - a scroll of vulnerability {unknown}
 m - 3 scrolls of blinking {unknown}
 p - 3 scrolls of teleportation {unknown}
 s - a scroll of fog {unknown}
 t - 2 scrolls of immolation {unknown}
Potions
 d - 2 potions of might
 e - 2 potions of degeneration {unknown}
 f - a potion of curing {unknown}
 l - 3 potions of mutation {unknown}
 o - 4 potions of heal wounds {unknown}
 v - a potion of invisibility {unknown}
 w - 2 potions of haste {unknown}
 z - a potion of cancellation {unknown}


   Skills:
 - Level 3.6 Fighting
 + Level 8.1 Long Blades
 + Level 0.9 Throwing
 - Level 3.6 Armour
 - Level 3.6 Shields


You had 5 spell levels left.
You didn't know any spells.
Your spell library contained the following spells:

 Spells                   Type           Power      Damage    Failure   Level
 Inner Flame              Hex/Fire       0%         N/A       100%        3
 Cause Fear               Hex            0%         N/A       100%        4
 Discord                  Hex            0%         N/A       100%        8


Dungeon Overview and Level Annotations

Branches:
Dungeon (5/15)
 Temple: D:4-7

Altars:

Shops:
D:2 [[[   D:4 **(((

Annotations:
D:4 2 transporters, nickcage's ghost, novice GrFi
D:5 3 runed translucent doors, Icepheonix32's ghost, novice TeFE; smarlow's ghost, novice DjCj


Innate Abilities, Weirdness & Mutations

You have a pair of horns on your head.
You reflexively headbutt those who attack you in melee.


Message History

Beogh smites you! The orc barely misses you.
Your Long Blades skill increases to level 8!
You are too injured to fight recklessly!
You are too injured to fight recklessly!
You are too injured to fight recklessly!
You are too injured to fight recklessly!
You hit the orc. Your headbutt misses the orc.
The orc is heavily wounded.
You block the orc's attack. The orc hits you but does no damage.
The orc hits you with a +0 dagger. You block the orc's attack.
You block the orc's attack.
The orc priest invokes the aid of Beogh against you.
Beogh smites you!
* * * LOW HITPOINT WARNING * * *
The orc barely misses you. You furiously retaliate!
You headbutt the orc. You hit the orc priest.
Your headbutt misses the orc priest.
The orc priest is lightly wounded.
The orc barely misses you. You block the orc priest's attack.
The orc hits you with a +0 dagger.
* * * LOW HITPOINT WARNING * * *
You block the orc's attack.
You barely miss the orc priest.
The orc priest is lightly wounded.
The orc closely misses you.
The orc priest hits you with a +0 flail.
* * * LOW HITPOINT WARNING * * *
You block the orc's attack. The orc barely misses you. You furiously retaliate!
You headbutt the orc.
You kill the orc!
You hit the orc priest but do no damage.
The orc priest is lightly wounded.
The orc hits you but does no damage. The orc priest barely misses you.
The orc hits you but does no damage.
You hit the orc priest.
The orc priest is heavily wounded.
The orc hits you with a +0 hand axe.
* * * LOW HITPOINT WARNING * * *
The orc priest barely misses you. The orc hits you with a +0 dagger.
You die...

............<...
.............†..# #
...............## #.
#............###
#.######..........####
#.....................
#......<.#......#.####
#........##....##.#...
#..$o@o..###..###.#.##
#....o).....### #.#.#.
#...........# #.#.#.
#...........# #.#.#.
#...........# #.#.##
#.#####.....# #.#...
... #.....# #.#### ..
#.....# #....##


You could see an orc priest and 2 orcs.

Vanquished Creatures
  A sky beast (D:5)
  An ogre (D:3)
  An orc priest (D:5)
  2 hound skeletons
  An adder (D:2)
  A white imp (D:5)
  An ufetubus (D:3)
  An adder skeleton (D:4)
  16 orcs
  4 endoplasms
  5 giant cockroaches
  4 goblins
  15 hobgoblins
  5 kobolds
  3 quokkas
  8 ball pythons
  2 bats (D:1)
  4 frilled lizards
  8 rats
83 creatures vanquished.

Notes
Turn   | Place    | Note
-------+----------+-------------------------------------------
     0 | D:1      | nickcage the Minotaur Fighter began the quest for the Orb.
     0 | D:1      | Reached XP level 1. HP: 19/19 MP: 0/0
   168 | D:1      | Reached skill level 3 in Long Blades
   198 | D:1      | Reached XP level 2. HP: 22/26 MP: 1/1
   264 | D:1      | Found a faded altar of an unknown god.
   555 | D:1      | Reached skill level 4 in Long Blades
   921 | D:2      | Reached XP level 3. HP: 31/31 MP: 2/2
   940 | D:2      | Found Jidon's Armour Boutique.
  1179 | D:2      | Found Melec's Armour Shoppe.
  1250 | D:2      | Bought a +0 cloak for 49 gold pieces
  1250 | D:2      | Bought a +0 pair of gloves for 49 gold pieces
  1383 | D:2      | Found Dankap's Armour Shoppe.
  1591 | D:3      | Reached skill level 5 in Long Blades
  1678 | D:3      | Noticed an ogre
  1687 | D:3      | Killed an ogre
  1688 | D:3      | Reached skill level 6 in Long Blades
  1688 | D:3      | Reached XP level 4. HP: 12/39 MP: 3/3
  1688 | D:3      | Reached XP level 5. HP: 14/45 MP: 4/4
  2536 | D:4      | Found Zawicoo's Antique Weapon Shoppe.
  2597 | D:4      | Found a transporter.
  2827 | D:4      | Found Xyericu's Antique Weapon Emporium.
  2835 | D:4      | Found Diral's General Store.
  2904 | D:4      | Found Lisydd's Weapon Shoppe.
  2971 | D:4      | Noticed a small abomination
  2989 | D:4      | Found a transporter.
  3026 | D:4      | Noticed nickcage's ghost (novice GrFi)
  3221 | D:4      | Found Hiley's Assorted Antiques.
  3394 | D:4      | Reached skill level 7 in Long Blades
  3475 | D:5      | Entered Level 5 of the Dungeon
  3590 | D:5      | Found a runed translucent gate.
  3591 | D:5      | Found a runed translucent gate.
  3591 | D:5      | Found a runed translucent gate.
  3592 | D:5      | Noticed smarlow's ghost (novice DjCj)
  3592 | D:5      | Noticed Icepheonix32's ghost (novice TeFE)
  3763 | D:5      | Noticed a sky beast
  3769 | D:5      | Killed a sky beast
  3770 | D:5      | Reached XP level 6. HP: 45/51 MP: 5/5
  3894 | D:5      | Reached skill level 8 in Long Blades
  3900 | D:5      | HP: 1/51 [orc/+0 hand axe (2)]
  3900 | D:5      | Slain by an orc

Illustrated notes

Levels and vault maps discovered:
D:1:      lemuel_arrival_room, layout_basic,
          hellmonk_ecumenical_altar_leap_of_faith, hangedman_feature_mirror,
          hangedman_feature_mirror
D:2:      layout_basic, serial_shops, shop, shop, nicolae_shop_hallway_stairs,
          hex_medium
D:3:      layout_loops_corners
D:4:      layout_cave_pods, gammafunk_ghost_abyssal_escape, serial_shops, shop,
          shop, shop, nicolae_shop_temple_entry_statues_fountains,
          nicolae_shop_crystal
D:5:      layout_basic, gammafunk_ghost_cemetery, uniq_crazy_yiuf_cottage

Skill      XL: |  1  2  3  4  5  6 |
---------------+-------------------+-----
Long Blades    | 3 4 6 7 8 |  8.1
Fighting       | |  3.6
Throwing       | |  0.9
Armour         | |  3.6
Shields        | |  3.6

Action                   |  1- 3 |  4- 6 || total
-------------------------+-------+-------++-------
Melee: Long sword        |   108 |    95 ||   203
       Headbutt          |    12 |    13 ||    25
Throw: Dart              |     4 |       ||     4
       Throwing net      |     1 |       ||     1
Armor: Plate armour      |    62 |    58 ||   120
       Scale mail        |     2 |       ||     2
Dodge: Dodged            |    37 |    33 ||    70
Block: Buckler           |    30 |    28 ||    58
